Map: Lightshade LE

Players

Solar - Winner!

  • Race: Zerg Zerg
  • League: Diamond
  • Spawn Location: 11:00

Nice

  • Race: Protoss Protoss
  • Spawn Location: 5:00

Event: DreamHack SC2 Masters 2020 Winter

VOD

Have the link to the VOD?

Description

Time

  • Played on: Oct. 12, 2020, 9:39 p.m.
  • Length: 5:00
Show
View Real Time Build Order
Export as new Build Order

Solar Zerg - Winner!

Build Orders: Hatch First 

Get SALT Encoding   

  12  0:00  Drone  
  13  0:12  Overlord  
  13  0:17  Drone  
  14  0:31  Drone x2  
  16  0:43  Drone  
  17  0:54  Hatchery  
  17  0:55  Drone  
  17  0:57  Drone  
  17  1:04  Extractor  
  17  1:17  Drone, Spawning Pool  
  17  1:21  Drone  
  18  1:28  Drone  
  19  1:39  Drone  
  20  1:50  Overlord  
  20  2:04  Metabolic Boost, Queen  
  20  2:06  Queen  
  20  2:07  Zergling x2  
  25  2:11  Zergling x2  
  25  2:14  Zergling x2  
  27  2:18  Zergling x2  
  28  2:28  Zergling x4  
  30  2:41  Hatchery  
  30  2:43  Zergling x4  
  31  2:47  Zergling x2  
  32  2:54  Overlord  
  32  2:57  Zergling x2  
  33  3:00  Zergling x2  
  33  3:05  Zergling x2  
  35  3:11  Zergling x2  
  36  3:16  Zergling x2  
  36  3:20  Zergling x10  
  36  3:22  Zergling x2  
  36  3:25  Zergling x2  
  41  3:32  Zergling x2  
  41  3:35  Zergling x2  
  41  3:39  Overlord  
  40  3:44  Zergling x2  
  38  3:50  Zergling x8  
  38  3:53  Zergling x2  
  41  3:55  Zergling x2  
  41  3:58  Zergling x2  
  41  4:02  Zergling x2  
  43  4:04  Zergling x2  
  43  4:07  Zergling x2  
  43  4:09  Zergling x2  
  43  4:13  Zergling x2  
  43  4:15  Zergling x2  
  42  4:19  Zergling x2  
  42  4:21  Zergling x2  
  40  4:25  Zergling x2  
  40  4:27  Zergling x2  
  40  4:30  Zergling x2  
  40  4:33  Zergling x2  
  40  4:36  Zergling x2  
  40  4:38  Zergling x2  
  42  4:40  Zergling x2  
Show
View Real Time Build Order
Export as new Build Order

Nice Protoss 

Build Orders: 1 Gate Expand 

Get SALT Encoding   

  12  0:00  Probe  
  13  0:12  Probe  
  14  0:20  Pylon  
  14  0:24  Probe  
  15  0:38  Probe (Chrono Boost)  
  15  0:41  Gateway  
  17  0:50  Probe (Chrono Boost)  
  17  0:51  Assimilator  
  17  0:54  Probe (Chrono Boost)  
  18  1:04  Probe  
  19  1:16  Probe  
  20  1:28  Cybernetics Core  
  20  1:37  Nexus  
  20  1:46  Pylon  
  20  1:50  Assimilator  
  20  1:51  Probe  
  21  2:02  Adept (Chrono Boost)  
  21  2:03  Probe  
  21  2:05  Warp Gate  
  24  2:15  Probe  
  25  2:22  Stalker (Chrono Boost)  
  25  2:28  Probe  
  28  2:30  Pylon  
  28  2:40  Probe  
  29  2:50  Probe (Chrono Boost)  
  29  2:51  Adept  
  32  2:52  Stargate  
  32  2:58  Probe (Chrono Boost)  
  33  3:02  Gateway  
  35  3:06  Shield Battery, Probe x2 (Chrono Boost)  
  35  3:16  Probe  
  36  3:26  Shield Battery  
  36  3:27  Probe  
  36  3:32  Probe  
  36  3:34  Void Ray (Chrono Boost)  
  36  3:35  Pylon  
  36  3:40  Probe  
  41  3:49  Cybernetics Core  
  41  3:56  Gateway  
  41  3:59  Zealot  
  43  4:03  Zealot  
  43  4:09  Pylon  
  43  4:11  Void Ray (Chrono Boost)  
  32  4:33  Probe x2  
  33  4:45  Probe x2  
Tags
 
Add a new tag
Caveats
  • Supply blocks, unpowered buildings, or Contaminate may cause inaccurate times.
  • Supply counts are checked every 10 seconds.